 Dungeon Crawl Stone Soup version 0.29-a0-834-g1e95ca9f62 (webtiles) character file.

Game seed: 9610691976816380994

204 zeratav the Stinger (level 5, -3/31 HPs)
             Began as an Octopode Venom Mage on July 12, 2022.
             Succumbed to Sigmund's poison
             ... on level 3 of the Dungeon.
             The game lasted 00:04:24 (3717 turns).

zeratav the Stinger (Octopode Venom Mage)           Turns: 3717, Time: 00:04:25

Health: -3/31      AC:  1    Str:  8    XL:     5   Next: 82%
Magic:  4/8        EV: 13    Int: 19    God:
Gold:   153        SH:  0    Dex: 12    Spells: 7/8 levels left

rFire   + . .      SeeInvis .   r - +7 club {mace}
rCold   . . .      Faith    .   (no shield)
rNeg    . . .      Spirit   .   (helmet restricted)
rPois   .          Reflect  .   (no amulet)
rElec   .          Harm     .   e - ring of resist corrosion
rCorr   +          Rampage  .   j - ring of protection from fire
Will    .....                   (no ring)
Stlth   ++++......              (no ring)
HPRegen 0.10/turn               (no ring)
MPRegen 0.11/turn               (no ring)
                                (no ring)
                                (no ring)

@: lethally poisoned (-3 -> -29), very slightly contaminated
A: almost no armour, amphibious, 8 rings, camouflage 1, gelatinous body 1,
(nimble swimmer 1), tentacles
a: no special abilities


You were on level 3 of the Dungeon.
You visited 1 branch of the dungeon, and saw 3 of its levels.

You collected 153 gold pieces.


Innate Abilities, Weirdness & Mutations

You cannot wear most types of armour.
You are amphibious.
You can wear up to eight rings at the same time.
Your skin changes colour to match your surroundings (Stealth+).
Your rubbery body absorbs attacks. (AC +1, EV +1)
((You are camouflaged when in or above water. (Stealth+)))
You have tentacles for arms and can constrict up to eight enemies at once.


   Skills:
 - Level 2.0 Dodging
 - Level 5.0 Stealth
 - Level 2.0 Spellcasting
 - Level 1.0 Transmutations
 + Level 6.7 Poison Magic


You had 7 spell levels left.
You knew the following spells:

 Your Spells              Type           Power      Damage    Failure   Level
a - Sting                 Tmut/Pois      64%        1d6       3%          1

Your spell library contained the following spells:

 Spells                   Type           Power      Damage    Failure   Level
 Poisonous Vapours        Pois/Air       28%        N/A       6%          2
 Olgreb's Toxic Radiance  Pois           27%        N/A       11%         4
 Freeze                   Ice            4%         1d3       17%         1
 Sandblast                Erth           2%         2d4       17%         1
 Mephitic Cloud           Conj/Pois/Air  10%        N/A       21%         3
 Frozen Ramparts          Ice            2%         1d2       45%         3
 Ozocubu's Armour         Ice            1%         N/A       45%         3
 Hailstorm                Conj/Ice       1%         3d3       86%         4
 Metabolic Englaciation   Hex/Ice        0%         N/A       99%         5
 Simulacrum               Ice/Necr       0%         N/A       100%        6

Inventory:

Hand Weapons
 d - a +2 dagger of speed {short}
   (You took it off a goblin on level 1 of the Dungeon)
 p - a +0 short sword of electrocution {short}
   (You took it off a kobold on level 3 of the Dungeon)
 r - a +7 club (weapon) {mace}
   (You took it off Jessica on level 3 of the Dungeon)
Jewellery
 e - a ring of resist corrosion (left tentacle)
   (You found it on level 1 of the Dungeon)
 j - a ring of protection from fire (right tentacle)
   (You found it on level 2 of the Dungeon)
Wands
 o - a wand of iceblast (11)
   (You found it on level 3 of the Dungeon)
 q - a wand of digging (6)
   (You found it on level 3 of the Dungeon)
Scrolls
 b - 4 scrolls of identify {unknown}
 f - a scroll of fog {unknown}
 g - a scroll of amnesia {unknown}
 h - 2 scrolls of teleportation {unknown}
 k - a scroll of enchant armour {unknown}
Potions
 a - a potion of magic
 c - 2 potions of attraction {!q}
 i - 2 potions of flight {unknown}
 l - a potion of might {unknown}
 m - a potion of mutation {unknown}
 n - a potion of haste {@q3}

Dungeon Overview and Level Annotations

Branches:
Dungeon (3/15) Zot: 14298

Altars:
Hepliaklqana

Annotations:
D:1 exclusion: downstairs

#.≈≈≈≈.≈≈ ##.≈≈≈≈...
############# #........≈
...........>###..≈≈≈≈≈.≈
..........#......≈≈≈≈≈.≈
............# #.≈≈≈≈≈.≈
.........##.####.≈≈≈≈≈.≈
#......).#..............
#......@.#.....<...#...#
##.####.##.......#.#..##
#.......######.#.##
#.......# #.#.#
#.........######.#.#
##.##............#.# #.
#............#.###
......#.............<...
......#...........######


There were no monsters in sight!


Message History

You lost 1 mp, and now have 6/8 mp.
No previous command to re-do.
Unknown command.
Casting: Sting (safe; 3% risk of failure)
Confirm with . or Enter, or press ? or * to list all spells.
Aiming: Sting (safe; 3% risk of failure)
Press: ? - help, Shift-Dir - straight line, f/p - Jessica
Aim: Jessica, wielding a +7 club and wearing a +0 robe (heavily wounded, fast, very poisoned, 74% to hit)
The sting misses Jessica.
Jessica barely misses you.
MP[-1]
You lost 1 mp, and now have 5/8 mp.
Casting: Sting (safe; 3% risk of failure)
Confirm with . or Enter, or press ? or * to list all spells.
Aiming: Sting (safe; 3% risk of failure)
Press: ? - help, Shift-Dir - straight line, f/p - Jessica
Aim: Jessica, wielding a +7 club and wearing a +0 robe (heavily wounded, fast, very poisoned, 74% to hit)
The sting hits Jessica.
Jessica looks even sicker.
You kill Jessica!
MP[-1]
You lost 1 mp, and now have 4/8 mp.
Things that are here:
a +7 club {mace}; a +0 robe; MP[+4]
Your mp is fully restored (8).
r - a +7 club {mace}
r - a +7 club (weapon)
{mace} You now have 139 gold pieces (gained 13).
h - 2 scrolls labelled TYJERO ZEUSUU (gained 1)
Found a stone staircase leading up.
There is a stone staircase leading down here.
A rat comes into view.
You see here 14 gold pieces.
The helpless rat fails to defend itself.
You hit the rat.
You kill the rat!
No target in view!
No target in view!
No target in view!
No target in view!
No target in view!
You now have 153 gold pieces (gained 14).
Found a stone staircase leading up.
You see here a staff of earth {staff}.
Found an escape hatch in the ceiling.
Found a stone staircase leading down.
Sigmund the Dreaded comes into view.
He is wielding a +0 scythe of venom and wearing a +2 robe of willpower.
Casting: Sting (safe; 3% risk of failure)
Confirm with . or Enter, or press ? or * to list all spells.
Aiming: Sting (safe; 3% risk of failure)
Press: ? - help, Shift-Dir - straight line, f - Sigmund
Aim: Sigmund, wielding a +0 scythe of venom and wearing a +2 robe of willpower (71% to hit)
You miscast Sting.
You are very lightly contaminated with residual magic.
Nothing appears to happen.
Sigmund closely misses you.
MP[-1]
You lost 1 mp, and now have 7/8 mp.
Casting: Sting (safe; 3% risk of failure)
Confirm with . or Enter, or press ? or * to list all spells.
Aiming: Sting (safe; 3% risk of failure)
Press: ? - help, Shift-Dir - straight line, f/p - Sigmund
Aim: Sigmund, wielding a +0 scythe of venom and wearing a +2 robe of willpower (71% to hit)
The sting hits Sigmund.
Sigmund is poisoned.
MP[-1]
You lost 1 mp, and now have 6/8 mp.
Casting: Sting (safe; 3% risk of failure)
Confirm with . or Enter, or press ? or * to list all spells.
Aiming: Sting (safe; 3% risk of failure)
Press: ? - help, Shift-Dir - straight line, f/p - Sigmund
Aim: Sigmund, wielding a +0 scythe of venom and wearing a +2 robe of willpower (moderately wounded, poisoned, 71% to hit)
The sting hits Sigmund.
Sigmund looks even sicker.
Sigmund gestures at you while chanting. The puff of flame hits you. You resist.
HP[-5] MP[-1]
You take 5 damage, and now have 26/31 hp.
You lost 1 mp, and now have 5/8 mp.
Casting: Sting (safe; 3% risk of failure)
Confirm with . or Enter, or press ? or * to list all spells.
Aiming: Sting (safe; 3% risk of failure)
Press: ? - help, Shift-Dir - straight line, f/p - Sigmund
Aim: Sigmund, wielding a +0 scythe of venom and wearing a +2 robe of willpower (heavily wounded, very poisoned, 71% to hit)
The sting misses Sigmund.
Sigmund barely misses you.
MP[-1]
You lost 1 mp, and now have 4/8 mp.
Sigmund hits you with a +0 scythe of venom!
* * * LOW HITPOINT WARNING * * *
You are poisoned.
HP[-11]
You take 11 damage, and now have 15/31 hp.
MASSIVE DAMAGE!! (PAUSE)
You hit Sigmund. You grab Sigmund. You constrict Sigmund.
* * * LOW HITPOINT WARNING * * *
You feel very sick.
Sigmund hits you with a +0 scythe of venom!
* * * LOW HITPOINT WARNING * * *
You are more poisoned.
HP[-12]
You take 12 damage, and now have 3/31 hp.
MASSIVE DAMAGE!! (PAUSE)
You hit Sigmund.
You kill Sigmund!
You die...

Skill      XL: |  1  2  3  4  5 |
---------------+----------------+-----
Stealth        | 3 4 5 |  5.0
Poison Magic   | 4 5 6 |  6.7
Dodging        | |  2.0
Spellcasting   | |  2.0
Transmutations | |  1.0

Action                   |  1- 3 |  4- 6 || total
-------------------------+-------+-------++-------
Melee: Dagger            |    61 |    22 ||    83
       Club              |     4 |     3 ||     7
       Constrict         |    15 |     6 ||    21
       Tentacles         |    12 |       ||    12
       Punch             |     2 |       ||     2
 Cast: Sting             |     7 |    32 ||    39
  Use: Potion            |     2 |       ||     2
 Stab: Sleeping          |    12 |     3 ||    15
Armor: Skin              |     8 |     2 ||    10
Dodge: Dodged            |    28 |    26 ||    54

Levels and vault maps discovered:
D:1:      eino_arrival_water_star, layout_loops_ring,
          shapermc_ecumenical_altar_rom_forum, skrybe_limestone_x, st_stairs_14,
          hangedman_abyss_or_decor_lesser_grid, minmay_pentomino_v4
D:2:      layout_basic
D:3:      layout_basic, mainiacjoe_overflow_surrounded_room, nrook_uturn,
          minivault_14, nicolae_figureground_pulse, uniq_jessica, uniq_natasha,
          uniq_sigmund

Notes
Turn   | Place    | Note
-------+----------+-------------------------------------------
     0 | D:1      | zeratav the Octopode Venom Mage began the quest for the
                  | Orb.
     0 | D:1      | Reached XP level 1. HP: 11/11 MP: 3/3
     0 | D:1      | magus.rc [v1.9.6]
   194 | D:1      | Reached skill level 3 in Stealth
   199 | D:1      | HP: 2/11 [poisoned by a kobold]
   509 | D:1      | Reached XP level 2. HP: 17/17 MP: 5/5
   512 | D:1      | Reached skill level 4 in Poison Magic
   785 | D:1      | Found a faded altar of an unknown god.
   789 | D:1      | Got Plato's Codex of Bedrock
  1087 | D:1      | Reached XP level 3. HP: 21/21 MP: 6/6
  1101 | D:1      | Reached skill level 4 in Stealth
  1554 | D:2      | You pick up a book of Frost and begin reading...
  1554 | D:2      | You add the spells Freeze, Frozen Ramparts and Hailstorm to
                  | your library.
  1565 | D:2      | You pick up a book of Winter and begin reading...
  1565 | D:2      | You add the spells Ozocubu's Armour, Metabolic Englaciation
                  | and Simulacrum to your library.
  1722 | D:2      | HP: 1/21 [gnoll/+0 halberd (11)]
  2073 | D:2      | Reached XP level 4. HP: 27/27 MP: 3/7
  2513 | D:2      | Reached skill level 5 in Poison Magic
  2535 | D:2      | Reached skill level 5 in Stealth
  2831 | D:3      | Noticed Natasha
  2842 | D:3      | Killed Natasha
  2843 | D:3      | Reached XP level 5. HP: 13/31 MP: 4/8
  3231 | D:3      | Noticed Natasha
  3251 | D:3      | Found a hazy altar of Hepliaklqana.
  3277 | D:3      | Killed Natasha
  3278 | D:3      | Reached skill level 6 in Poison Magic
  3305 | D:3      | Noticed Natasha
  3317 | D:3      | Killed Natasha
  3430 | D:3      | Noticed Jessica
  3438 | D:3      | Killed Jessica
  3709 | D:3      | Noticed Sigmund
  3716 | D:3      | HP: 3/31 [Sigmund/+0 scythe of venom (8)]
  3717 | D:3      | Killed Sigmund
  3717 | D:3      | Succumbed to Sigmund's poison

Vanquished Creatures
  Sigmund (D:3)
  Jessica (D:3)
  Natasha (thrice) (D:3)
  3 gnolls (D:2)
  2 adders
  A worm (D:2)
  2 dart slugs
  7 ball pythons
  3 bats (D:1)
  An endoplasm (D:3)
  3 giant cockroaches
  5 hobgoblins
  6 kobolds
  4 quokkas
  A frilled lizard (D:2)
  6 goblins
  3 rats
52 creatures vanquished.

Table legend:
 A = Non-vault XP
 B = Vault XP
 C = Vault XP percentage of total XP
 D = Non-vault monster count
 E = Vault monster count
 F = Vault count percentage of total count
                 A         B        C        D         E       F
            +---------+---------+-------+---------+---------+-------
      Total |     214 |     292 |  57.7 |      46 |       6 |  11.5
            +---------+---------+-------+---------+---------+-------
        D:1 |      38 |       5 |  11.6 |      21 |       3 |  12.5
        D:2 |      87 |       0 |   0.0 |      19 |       0 |   0.0
        D:3 |      89 |     287 |  76.3 |       6 |       3 |  33.3
            +---------+---------+-------+---------+---------+-------

Illustrated notes

Table legend:
 A = Kills in this place as a percentage of kills in entire the game.
 B = Kills by you in this place as a percentage of kills by you in the entire game.
 C = Kills by friends in this place as a percentage of kills by friends in the entire game.
 D = Other kills in this place as a percentage of other kills in the entire game.
 E = Experience gained in this place as a percentage of experience gained in the entire game.
 F = Experience gained in this place divided by the number of levels of this place that you have seen.
                   A       B       C       D       E      F
               +-------+-------+-------+-------+-------+----------------------
         Total | 100.0 | 100.0 |   N/A |   N/A | 100.0 | 168.7
       Dungeon | 100.0 | 100.0 |   N/A |   N/A | 100.0 | 168.7
               +-------+-------+-------+-------+-------+----------------------

Table legend: (Time is in decaauts)
 A = Elapsed time spent in this place.
 B = Non-inter-level travel time spent in this place.
 C = Inter-level travel time spent in this place.
 D = Time resting spent in this place.
 E = Time spent auto-exploring this place.
 F = Levels seen in this place.
 G = Mean time per level.
                   A        B        C        D        E       F      G
               +--------+--------+--------+--------+--------+-----+--------+
         Total |   3701 |   3648 |     53 |    521 |   2693 |   3 | 1233.7 |
       Dungeon |   3701 |   3648 |     53 |    521 |   2693 |   3 | 1233.7 |
               +--------+--------+--------+--------+--------+-----+--------+

Top non-repeatable levels by time:
     D:1: 1566 daAuts
     D:2: 1246 daAuts
     D:3: 888 daAuts
